AoeStats
← Eldomador

Arena

510217032Analyzed
1v1 RM · 2d ago on Sep 30, 2026· 51m 18s· 2 players
Game mode
Random Map
Map size
Tiny (2 player)
Population
200
Speed
Normal
Resources
Standard
Victory
Conquest
Starting age
Dark Age
Ending age
Imperial Age
RankedLock teamsTeams togetherTeam positionsShared explorationLock speedFull tech treeHidden civsTurbo modeCheats
Victory
Defeat
🇦🇷 Bohemians · Argentina
815
+14
🇧🇷 Turks · Brazil
768
-14
Eldomador
9:50 Feudal Age
15:36 Castle Age
14:10 Double-Bit Axe
22:45 Bow Saw
22:48 Horse Collar
23:13 Loom
24:04 Wheelbarrow
23:54 Heavy Plow
28:18 Imperial Age
25:42 Town Watch
27:00 Hand Cart
26:50 Town Patrol
27:20 Fletching
28:12 Bodkin Arrow
28:59 Wagenburg Tactics
30:15 Conscription
32:15 Husbandry
31:35 Cavalier
33:20 Scale Barding Armor
33:26 Forging
34:27 Chain Barding Armor
35:47 Two-Man Saw
36:31 Iron Casting
36:21 Elite Hussite Wagon
39:07 Blast Furnace
38:09 Bracer
38:10 Padded Archer Armor
38:11 Scale Mail Armor
39:50 Onager
40:51 Guilds
40:49 Elite Skirmisher
42:30 Chain Mail Armor
42:31 Leather Archer Armor
46:38 Ring Archer Armor
mizael.zimbros
11:22 Feudal Age
17:57 Castle Age
24:42 Imperial Age
22:40 Double-Bit Axe
22:48 Gold Mining
47:39 Bow Saw
47:16 Horse Collar
47:29 Stone Mining
48:14 Gold Shaft Mining
49:18 Forging
49:09 Scale Mail Armor
49:14 Scale Barding Armor
49:09 Padded Archer Armor
49:00 Fletching
Connection lost

Rejoining the realm…

Still unreachable

The connection could not be restored.

Session expired

The server has moved on; the page needs a fresh start.